[Event "Top 12 Féminin 2026"]
[Site "Asnières-sur-Seine, France"]
[Date "2026.05.14"]
[Round "2.8"]
[White "Belluire, Beatrice"]
[Black "Alfano, Emilie"]
[Result "1-0"]
[TimeControl "1h30 / 40 moves + 30m + 30sec/move"]
[WhiteTitle "WFM"]
[BlackTitle "WFM"]
[WhiteFideId "-"]
[BlackFideId "-"]
[WhiteElo "2123"]
[BlackElo "2051"]

1. e4 e5 2. Nf3 Nc6 3. Bc4 d6 4.
d4 Nf6 5. Nc3 Bg4 6. d5 Nb8 7. h3 Bh5 8. O-O Be7 9. Re1 Nbd7 10. Be3 O-O 11. g4 Bg6 12. Nd2 h6 13. Kg2 Nh7 14.
f3 Bg5 15. Qe2 Bxe3 16. Qxe3 Qg5 17. Qxg5 hxg5 18. Bb5 Nb8 19. a4 a5 20. Rad1 f6 21. Bc4 Bf7 22. Rh1 Rc8 23. h4 gxh4 24.
Rxh4 Nf8 25. Rh2 Ng6 26. Kg3 Nd7 27. Nf1 Ndf8 28. Ne3 Be8 29. Nf5 Kf7 30. Bb5 Rd8 31. Bxe8+ Rxe8 32. Nb5 Rac8 33.
Rd3 Ne7 34. Rc3 Nxf5+ 35. gxf5 Red8 36. Na7 Ra8 37. Rxc7+ Rd7 38. Rxd7+ Nxd7 39. Nb5 Ke7 40. Kf2 Rc8 41. Ke3 Nb6 42.
b3 Nd7 43. Rg2 Rg8 44. Na3 Nb6 45. Kd3 Nd7 46. Nc4 b6 47. Kd2 Kf8 48. Nxd6 Rh8 49. Nc4 Rh3 50. Ke3 Rh1 51. Rd2 Kf7 52.
d6 Ke8 53. Rd5 Rh2 54. Rd2 Rh1 55. Kf2 Kd8 56. Kg2 Rc1 57. Ne3 Re1 58. Nd5 Rc1 59. Nc7 Kc8 60. Ne6 Kb7 61. Nxg7 Kc6 62.
Ne6 Kb7 63. Nc7 Kb8 64. Nb5 Kb7 65. Kf2 Rh1 66. Ke3 Rg1 67. Rh2 Rg7 68. Nc7 Kc6 69. Nb5 Kb7 70. Rd2 Rg1 71. Nc3 Kb8 72.
Nd5 Kc8 73. Rh2 Rg7 74. Rh6 Rf7 75. Kd3 Kb7 76. Ne7 Rg7 77. Kc4 Rf7 78. Kd5 Nf8 79. Rh8 Ka7 80. d7 1-0

[Event "Top 12 Féminin 2026"]
[Site "Asnières-sur-Seine, France"]
[Date "2026.05.14"]
[Round "2.9"]
[White "Wagner, Dinara"]
[Black "Daulyte-Cornette, Deimante"]
[Result "1-0"]
[TimeControl "1h30 / 40 moves + 30m + 30sec/move"]
[WhiteTitle "IM"]
[BlackTitle "IM"]
[WhiteFideId "-"]
[BlackFideId "-"]
[WhiteElo "2408"]
[BlackElo "2389"]

1. d4 Nf6 2. c4 e6 3. Nc3 d5 4.
cxd5 exd5 5. Bg5 Be7 6. e3 O-O 7. Bd3 Re8 8. Nge2 Nbd7 9. O-O c6 10. Qc2 Nf8 11. a3 Ng6 12. b4 a6 13.
Nf4 Nxf4 14. Bxf4 Bd6 15. Bxd6 Qxd6 16. h3 b5 17. a4 Bd7 18. Rfb1 g6 19. Ne2 Reb8 20. a5 Re8 21. Nc1 Re7 22.
Nb3 Rae8 23. Qc5 Qxc5 24. Nxc5 Bc8 25. Rc1 Rd8 26. g4 Ne8 27. g5 Nd6 28. h4 Kg7 29. Kg2 h6 30. Rh1 Rh8 31.
Rag1 h5 32. Kf1 Nb7 33. Nb3 Bg4 34. Ke1 Rd8 35. Kd2 Rd6 36. Rg3 Bc8 37. Nc1 Rd8 38. Rf3 Nd6 39. Rf6 Re6 40. Rf4 Rde8 41.
Nb3 Nb7 42. Kc3 R6e7 43. Nd2 Nd6 44. Nf3 Be6 45. Rc1 Rc8 46. Ne5 Rb7 47. Rc2 Bf5 48. Bxf5 Nxf5 49. Nd3 Nd6 50. Nc5 Ra7 51.
Kd3 Kf8 52. f3 Nc4 53. e4 dxe4+ 54. fxe4 Kg7 55. Rcf2 Nd6 56. Rf1 Rcc7 57. e5 Ne8 58. e6 Nd6 59. exf7 Rxf7 60. Rxf7+ Nxf7 61.
Rf6 Nh6 62. Ne6+ 1-0

[Event "Top 12 Féminin 2026"]
[Site "Asnières-sur-Seine, France"]
[Date "2026.05.14"]
[Round "2.10"]
[White "Osmak, Yuliaa"]
[Black "Fromherz, Audrey"]
[Result "1-0"]
[TimeControl "1h30 / 40 moves + 30m + 30sec/move"]
[WhiteTitle "IM"]
[BlackTitle "-"]
[WhiteFideId "14101602"]
[BlackFideId "-"]
[WhiteElo "2451"]
[BlackElo "1764"]

1. d4 Nf6 2. c4 g6 3. Nc3 Bg7 4. e4 d6 5. Be2 O-O 6. Be3 Nc6 7. Nf3 e5 8. d5 Ne7 9. Nd2 Nd7 10.
g4 f5 11. gxf5 gxf5 12. Bg5 f4 13. Bg4 Nf6 14. Bxc8 Qxc8 15. Qf3 a6 16. h4 h6 17. Bxf6 Bxf6 18. O-O-O b5 19. Qh5 Kh7 20.
Nf3 Qe8 21. Qg4 b4 22. Ng5+ Kh8 23. Ne2 h5 24. Qf3 Rg8 25. Rdg1 Qg6 26. Ne6 Qf7 27. Rg5 Bxg5 28. hxg5 Rgc8 29.
Ng3 c6 30. Nxh5 Kg8 31. Nf6+ Qxf6 32. gxf6 Ng6 33. Qg4 Kf7 34. Rh7+ 1-0

[Event "Top 12 Féminin 2026"]
[Site "Asnières-sur-Seine, France"]
[Date "2026.05.14"]
[Round "2.11"]
[White "Hoch, Anna"]
[Black "Schippke, Manon"]
[Result "0-1"]
[TimeControl "1h30 / 40 moves + 30m + 30sec/move"]
[WhiteTitle "-"]
[BlackTitle "WIM"]
[WhiteFideId "-"]
[BlackFideId "-"]
[WhiteElo "1658"]
[BlackElo "2311"]

1. d4 d5 2. Bg5 h6 3. Bh4 c5 4.
e3 Nc6 5. Nf3 Qb6 6. Nc3 e6 7. Na4 Qa5+ 8. c3 cxd4 9. exd4 Bd7 10. Be2 Nxd4 11. Qxd4 Qxa4 12. Qxa4 Bxa4 13. Ne5 Be7 14.
Bg3 Nf6 15. O-O Ne4 16. Bf4 O-O 17. c4 Rac8 18. Rac1 Rfd8 19. Bg4 d4 20. Rfe1 Nf6 21. Bf3 Bc6 22. Nxc6 bxc6 23. Red1 Ne8 24.
c5 f5 25. Be2 g5 26. Be5 Bf6 27. Bxf6 Nxf6 28. Bc4 Kf7 29. Re1 Nd5 30.
Rcd1 Nc7 31. Re5 Kf6 32. Re2 e5 33. f3 Nd5 34. Rde1 Ne3 35. Bd3 Re8 36. g4 e4 37. fxe4 fxe4 38.
Rf2+ Kg7 39. Bc4 Nxc4 0-1

[Event "Top 12 Féminin 2026"]
[Site "Asnières-sur-Seine, France"]
[Date "2026.05.14"]
[Round "2.12"]
[White "Tomasi, Elise"]
[Black "Loppin, Tya"]
[Result "1-0"]
[TimeControl "1h30 / 40 moves + 30m + 30sec/move"]
[WhiteTitle "WFM"]
[BlackTitle "-"]
[WhiteFideId "-"]
[BlackFideId "-"]
[WhiteElo "2072"]
[BlackElo "1660"]

1. d4 Nf6 2. Nf3 e6 3. g3 b6 4. Bg2 Bb7 5. O-O Be7 6. c4 O-O 7. d5 Na6 8. Nc3 Nc5 9. Nd4 a5 10.
e4 e5 11. Nf5 Ba6 12. Qe2 Nb7 13. f4 Bc5+ 14. Kh1 d6 15. fxe5 dxe5 16. Bg5 Be7 17. Nxe7+ Qxe7 18. d6 Nxd6 19.
Bxf6 Qxf6 20. Rxf6 gxf6 21. Nd5 Ne8 22. Qg4+ Kh8 23. Qh4 Bxc4 24. Nxf6 Nxf6 25. Qxf6+ Kg8 26. Qg5+ Kh8 27. Qxe5+ f6 28.
Qxc7 b5 29. b3 Be2 30. Re1 Rfd8 31. Qc3 1-0

[Event "Top 12 Féminin 2026"]
[Site "Asnières-sur-Seine, France"]
[Date "2026.05.14"]
[Round "2.13"]
[White "Vega Gutierrez, Sabrina"]
[Black "Krasteva, Beloslava"]
[Result "1-0"]
[TimeControl "1h30 / 40 moves + 30m + 30sec/move"]
[WhiteTitle "IM"]
[BlackTitle "WGM"]
[WhiteFideId "-"]
[BlackFideId "-"]
[WhiteElo "2375"]
[BlackElo "2285"]

1. e4 d6 2. d4 Nf6 3. Nc3 e5 4. dxe5 dxe5 5. Qxd8+ Kxd8 6. f4 Bb4 7. Bd2 exf4 8. O-O-O Bg4 9.
Be2 Nbd7 10. e5 Bxc3 11. Bxc3 Bxe2 12. Nxe2 Ne4 13. Rd4 Nxc3 14. Nxc3 Kc8 15. e6 fxe6 16. Rxf4 Nf6 17. g4 h6 18.
h4 Kd7 19. Rd1+ Ke7 20. g5 hxg5 21. hxg5 Nd7 22. Nb5 Rac8 23. Nxa7 Ra8 24. Nb5 Rxa2 25. Kb1 Ra5 26. Nxc7 Rc5 27.
Rf7+ Kxf7 28. Rxd7+ Kg6 29. Nxe6 Ra5 30. b3 Rg8 31. Rxb7 Re5 32. Re7 Ra5 33. b4 Ra6 34. Kb2 Kf5 35.
Nxg7+ Kxg5 36. Ne8 Rh8 37. b5 Rb6 38. c4 Rb8 39. Nc7 Kf6 40. Nd5+ Kf5 41. Kb3 Rh1 42. Kb4 Rc8 43. Nc7 Kf6 44.
Rd7 Ke5 45. Kc5 Rb8 46. b6 Rc1 47. Re7 Kf5 48. Nd5 Rc8+ 49. Rc7 Rb8 50. b7 Ke4 51. Nb4 Rb1 52. Re7+ Kf5 53. Kb5 Kf6 54.
Rh7 Rg8 55. Rh6+ Ke5 56. Kc5 Ke4 57. Re6+ Kf3 58. Rb6 Rb8 59. Kc6 Rc1 60. c5 Ke4 61. Na6 1-0

[Event "Top 12 Féminin 2026"]
[Site "Asnières-sur-Seine, France"]
[Date "2026.05.14"]
[Round "2.14"]
[White "Leriche, Ines"]
[Black "Haussernot, Cecile"]
[Result "1/2-1/2"]
[TimeControl "1h30 / 40 moves + 30m + 30sec/move"]
[WhiteTitle "-"]
[BlackTitle "WIM"]
[WhiteFideId "-"]
[BlackFideId "-"]
[WhiteElo "1918"]
[BlackElo "2243"]

1. d4 Nf6 2. Nf3 e6 3. e3 c5 4. Be2 b6 5. O-O Bb7 6. b3 d6 7. Bb2 Nbd7 8. c4 Ne4 9. d5 e5 10.
Qc2 Nef6 11. Nc3 g6 12. Rae1 Bg7 13. Bc1 O-O 14. Bd2 Qe7 15. e4 Nh5 16. g3 Bc8 17. Qc1 Ndf6 18. Nh4 Bh3 19.
Ng2 Rae8 20. Bh6 Qd7 21. Bxg7 Kxg7 22. f3 a6 23. Rf2 h6 24. Bf1 Nh7 25. Nh4 Bxf1 26. Rexf1 Ng5 27. Re2 b5 28.
Ng2 bxc4 29. bxc4 f5 30. f4 exf4 31. gxf4 Nxe4 32. Qa1 Nhf6 33. Rfe1 Kh7 34. Nh4 g5 35. fxg5 hxg5 36. Nf3 Nxc3 37.
Qxc3 Ne4 38. Rxe4 fxe4 39. Nxg5+ Kh6 40. Qg3 Qf5 41. Qh4+ Kg6 42. Ne6 Rf7 43. Qg3+ Kh6 44. Qe3+ Kh5 45.
Qe2+ Qf3 46. Qxf3+ exf3 47. Nf4+ Rxf4 48. Rxe8 Rxc4 49. Re6 Rg4+ 50. Kf2 Rg2+ 51. Kxf3 Rxh2 52. Rxd6 Rxa2 53. Rc6 Kg5 54.
Ke4 Re2+ 55. Kd3 Re8 56. Rxa6 Re1 57. Rc6 Kf5 58. Rxc5 Ke5 59. Kc4 Kd6 60. Rc6+ Kd7 61. Rh6 Rc1+ 62. Kd4 1/2-1/2

[Event "Top 12 Féminin 2026"]
[Site "Asnières-sur-Seine, France"]
[Date "2026.05.14"]
[Round "2.15"]
[White "Richard, Emma"]
[Black "Carnet, Anaelle"]
[Result "1-0"]
[TimeControl "1h30 / 40 moves + 30m + 30sec/move"]
[WhiteTitle "WFM"]
[BlackTitle "-"]
[WhiteFideId "-"]
[BlackFideId "-"]
[WhiteElo "2106"]
[BlackElo "1786"]

1. e4 c6 2. Nf3 d5 3. Nc3 dxe4 4. Nxe4 Nf6 5. Qe2 Nxe4 6. Qxe4 Be6 7. Be2 Nd7 8. c3 Nf6 9. Qc2 Bg4 10.
d4 e6 11. Ne5 Bxe2 12. Qxe2 Be7 13. O-O O-O 14. Rd1 Qc7 15. Bf4 Nd5 16. Bg3 Qc8 17. c4 Nb6 18. Rac1 c5 19. dxc5 Qxc5 20.
Nd7 Nxd7 21. Rxd7 b6 22. Rcd1 Rfd8 23. h4 Bf6 24. Qf3 Rac8 25. Rxd8+ Bxd8 26. Rd7 Bf6 27. b3 Qf8 28. Qb7 Qe8 29.
Rxf7 Rd8 30. Rc7 Qf8 31. Rd7 Rxd7 32. Qxd7 e5 33. Qxa7 Qd6 34. Qa8+ Kf7 35. Qb7+ Kf8 36. Qe4 g6 37.
f4 Qd1+ 38. Kh2 Qg4 39. Qa8+ Kg7 40. Qb7+ Kh6 41. Qf3 Qe6 42. fxe5 Bxe5 43. Qe3+ Kg7 44. Qxe5+ Qxe5 45. Bxe5+ Kf7 46.
Bd4 Ke6 47. Bxb6 Kd6 48. a4 Kc6 49. a5 Kb7 50. b4 Kc8 51. a6 Kb8 52. c5 h5 53. c6 g5 54. c7+ Kc8 55. a7 Kd7 56.
c8=Q+ Kxc8 57. a8=Q+ Kd7 58. Qd5+ Ke7 59. Bd8+ Ke8 60. Bf6 Kf8 61. Qe6 g4 62. Qe7+ Kg8 63. Qg7# 1-0

[Event "Top 12 Féminin 2026"]
[Site "Asnières-sur-Seine, France"]
[Date "2026.05.14"]
[Round "2.16"]
[White "Djedidi, Rayhana"]
[Black "Marcellier, Lucie"]
[Result "0-1"]
[TimeControl "1h30 / 40 moves + 30m + 30sec/move"]
[WhiteTitle "-"]
[BlackTitle "-"]
[WhiteFideId "-"]
[BlackFideId "-"]
[WhiteElo "1541"]
[BlackElo "1885"]

1. d4 d5 2. c4 dxc4 3. Nf3 Nf6 4. e3 Bg4 5. Bxc4 e6 6. O-O Be7 7. Nc3 O-O 8. Qe2 c5 9. dxc5 Bxc5 10.
e4 Nc6 11. Be3 Bb4 12. h3 Bxf3 13. Qxf3 Ne5 14. Qe2 Nxc4 15. Qxc4 Qe7 16. Rac1 Rac8 17. Qb3 a6 18. e5 Nd7 19.
f4 Bc5 20. Ne4 b6 21. Rfd1 f6 22. Nd6 Rc6 23. Bxc5 Nxc5 24. Qe3 fxe5 25. fxe5 a5 26. a3 a4 27. Rc4 Rd8 28. Rf1 Rcxd6 29. exd6 Qxd6 30. Qf4 Qe7 31. Rd4 Ra8 32. Qf3 Re8 33. Rf4 Nd7 34. Rf7 Ne5 35. Rxe7 Nxf3+ 36. Rxf3 Rxe7 37. Kf2 Rf7 38.
Rxf7 Kxf7 39. Kf3 e5 40. g4 g5 41. Ke3 Ke6 42. Ke4 h6 43. Ke3 Kd5 44. Kd3 e4+ 0-1

[Event "Top 12 Féminin 2026"]
[Site "Asnières-sur-Seine, France"]
[Date "2026.05.15"]
[Round "3.1"]
[White "Zatonskih, Anna"]
[Black "Kosteniuk, Alexandra"]
[Result "0-1"]
[TimeControl "1h30 / 40 moves + 30m + 30sec/move"]
[WhiteTitle "IM"]
[BlackTitle "GM"]
[WhiteFideId "-"]
[BlackFideId "-"]
[WhiteElo "2317"]
[BlackElo "2491"]

1. d4 Nf6 2. c4 e6 3. Nf3 d5 4. Nc3 Bb4 5. Qb3 c5 6. dxc5 Na6 7. a3 Bxc3+ 8. Qxc3 Nxc5 9. cxd5 Qxd5 10.
Be3 Nce4 11. Qe5 Qxe5 12. Nxe5 Nd5 13. Bc1 Nc5 14. Rb1 f6 15. Nc4 e5 16. Nd6+ Ke7 17. Nxc8+ Raxc8 18. g3 Nb3 19.
Bg2 Rc5 20. O-O Rhc8 21. Rd1 Nxc1 22. Rxd5 Nxe2+ 23. Kf1 Nd4 24. Rxc5 Rxc5 25. Bxb7 f5 26. b4 Rc2 27. a4 e4 28. a5 Nf3 29. Kg2 Nd2 30. Re1 Rb2 31.
Re2 Rxb4 32. Rxd2 Rxb7 33. g4 Rb5 34. gxf5 Rxa5 35. Rd4 Re5 36. Kg3 Rxf5 37. Rxe4+ Kd7 38. f4 a5 39. Rd4+ Kc6 40.
Re4 Rf7 41. Re6+ Kb5 42. Re5+ Kb4 43. Re4+ Kc3 44. Re8 Ra7 45.
Rc8+ Kd4 46. Rd8+ Kc5 47. Rc8+ Kd6 48. Rd8+ Ke7 49. Rd3 a4 50. Ra3 Kd6 51. Kg4 0-1

[Event "Top 12 Féminin 2026"]
[Site "Asnières-sur-Seine, France"]
[Date "2026.05.15"]
[Round "3.2"]
[White "Cramling, Pia"]
[Black "Savina, Anastasia"]
[Result "1/2-1/2"]
[TimeControl "1h30 / 40 moves + 30m + 30sec/move"]
[WhiteTitle "GM"]
[BlackTitle "IM"]
[WhiteFideId "-"]
[BlackFideId "-"]
[WhiteElo "2384"]
[BlackElo "2344"]

1. d4 d5 2. c4 e6 3. Nf3 Nf6 4. Bg5 dxc4 5. e4 b5 6. a4 c6 7. Be2 Nbd7 8. O-O h6 9. Bxf6 Nxf6 10.
e5 Nd5 11. b3 cxb3 12. axb5 cxb5 13. Bxb5+ Bd7 14. Qxb3 a5 15. Nc3 Nxc3 16. Bxd7+ Qxd7 17. Qxc3 Qd5 18. Qc2 Bb4 19. Qa4+ Ke7 20.
Ne1 Rhc8 21. Nc2 Rab8 22. Rfd1 Qb5 23. Qxb5 Rxb5 24. Ne3 Bc3 25. Ra4 Rb4 26. Rxa5 Bxd4 27. h3 Bb6 28. Ra6 Rb5 29.
Re1 Bd4 30. Ra4 Bxe5 31. Nc4 Bd4 32. Rd1 e5 33. Re1 Rc6 34. g3 Rbc5 35. Na5 Ra6 36. Rxd4 Raxa5 37. Rd2 Rd5 38. Rxd5 Rxd5 39.
h4 f5 40. Ra1 Rd6 41. Kf1 Kf6 42. Ke2 Rb6 43. Ra2 Kg6 44. Kf3 Rb3+ 45. Kg2 e4 46. Ra5 Rf3 47. Ra7 Rd3 48. Ra5 Rd2 49.
Re5 Kf6 50. Re8 g5 51. hxg5+ hxg5 52. g4 fxg4 1/2-1/2

[Event "Top 12 Féminin 2026"]
[Site "Asnières-sur-Seine, France"]
[Date "2026.05.15"]
[Round "3.3"]
[White "Stoll, Lucia"]
[Black "Skripchenko, Almira"]
[Result "0-1"]
[TimeControl "1h30 / 40 moves + 30m + 30sec/move"]
[WhiteTitle "-"]
[BlackTitle "IM"]
[WhiteFideId "-"]
[BlackFideId "-"]
[WhiteElo "2103"]
[BlackElo "2367"]

1. e4 g6 2. d4 Bg7 3. Nc3 d6 4. f4 a6 5. Nf3 b5 6. Bd3 Bb7 7. a4 b4 8. Ne2 Nf6 9. e5 Nfd7 10.
e6 fxe6 11. Ng5 Nf8 12. O-O Nbd7 13. f5 exf5 14. Bxf5 gxf5 15. Rxf5 Nf6 16. Nf4 Qd7 17. Rxf6 Bxf6 18. Qh5+ Kd8 19.
Nf7+ Kc8 20. Nxh8 Bxd4+ 21. Kh1 Bxh8 22. Qf7 Qd8 23. Qf5+ Kb8 24. Be3 Bf6 25. Qa5 Qd7 26. Qxb4 Qc6 27.
Rd1 Ng6 28. Rd2 Nxf4 29. Qxf4 Qe4 30. Qg3 Qg6 31. Qf4 Kc8 32. b4 Kd7 33. Qf2 Rg8 34. b5 axb5 35. axb5 Qh5 36. Qf1 Bc3 37.
Rf2 Be5 0-1

[Event "Top 12 Féminin 2026"]
[Site "Asnières-sur-Seine, France"]
[Date "2026.05.15"]
[Round "3.4"]
[White "Dornbusch, Tatiana"]
[Black "Thomas, Anysia"]
[Result "1/2-1/2"]
[TimeControl "1h30 / 40 moves + 30m + 30sec/move"]
[WhiteTitle "WGM"]
[BlackTitle "WFM"]
[WhiteFideId "-"]
[BlackFideId "-"]
[WhiteElo "2189"]
[BlackElo "2120"]

1. d4 Nf6 2. Nf3 g6 3. c4 Bg7 4. Nbd2 O-O 5. e4 c5 6. d5 d6 7. Bd3 b5 8. cxb5 a6 9. b6 Nbd7 10.
O-O Nxb6 11. Qe2 a5 12. Rd1 a4 13. Rb1 Rb8 14. Nf1 c4 15. Bxc4 Nxc4 16. Qxc4 Nxe4 17. Be3 Nc5 18. Bxc5 dxc5 19.
Qxa4 Bf5 20. Rbc1 Rxb2 21. Rxc5 Qb6 22. Qa5 Qxa5 23. Rxa5 Bc3 24. Ra7 Bb4 25. Ne3 Bc5 26. Ra5 Bb6 27.
Ra3 Rc8 28. Rb3 Rxb3 29. axb3 Bxe3 30. fxe3 Rc3 31. Nd4 Rxe3 32. Kf2 Rc3 33. Nxf5 gxf5 34. d6 exd6 35. Rxd6 Rxb3 36. Rd5 Rb2+ 37.
Kf3 Rb3+ 38. Kf4 Rb2 39. Kf3 Rb3+ 1/2-1/2

[Event "Top 12 Féminin 2026"]
[Site "Asnières-sur-Seine, France"]
[Date "2026.05.15"]
[Round "3.5"]
[White "Tokhirjonova, Gulrukhbegim"]
[Black "Bulmaga, Irina"]
[Result "1-0"]
[TimeControl "1h30 / 40 moves + 30m + 30sec/move"]
[WhiteTitle "IM"]
[BlackTitle "IM"]
[WhiteFideId "-"]
[BlackFideId "-"]
[WhiteElo "2335"]
[BlackElo "2361"]

1. d4 Nf6 2. Nf3 e6 3. Bf4 b6 4. e3 Bb7 5. Bd3 d6 6. Nbd2 g6 7. h4 Bg7 8. Qe2 Nc6 9. c3 Qe7 10.
Ba6 Bxa6 11. Qxa6 O-O 12. Qb5 Qd7 13. Bg5 a6 14. Qd3 Ng4 15. h5 d5 16. Bf4 e5 17. dxe5 Ncxe5 18. Nxe5 Bxe5 19.
Bxe5 Nxe5 20. Qd4 Qf5 21. hxg6 fxg6 22. O-O Rad8 23. Qh4 Qc2 24. Rad1 Qxb2 25. Ne4 Qb5 26. Nf6+ Kg7 27. Nxh7 Rfe8 28.
Ng5 Qd7 29. Qh7+ Kf6 30. Ne4+ Ke6 31. Qh4 Qe7 32. Ng5+ Kd6 33. e4 Kc6 34. exd5+ Kb7 35. Qg3 Qd6 36. Ne6 Rc8 37. Rfe1 Nd7 38.
Re3 Rh8 39. Ng5 Qxg3 40. Rxg3 Rh4 41. d6 cxd6 42. Rxd6 Ne5 43. Re3 Rc6 44. Rd8 Nc4 45. Ree8 b5 46. Nf3 Rh7 47. Nd4 Rd6 48.
Rxd6 Nxd6 49. Re6 Rd7 50. Nb3 Kb6 51. Rxg6 a5 52. g4 a4 53. Nd2 Ka5 54. Rg5 Nf7 55. Nc4+ Ka6 56. Rg6+ Kb7 57.
Rb6+ Kc7 58. Rxb5 Rd1+ 59. Kg2 Rd3 60. Ra5 Rxc3 61. Rxa4 1-0

[Event "Top 12 Féminin 2026"]
[Site "Asnières-sur-Seine, France"]
[Date "2026.05.15"]
[Round "3.6"]
[White "Bensdorp-De Labaca, Marlies"]
[Black "Bosc, Seraphina"]
[Result "1-0"]
[TimeControl "1h30 / 40 moves + 30m + 30sec/move"]
[WhiteTitle "WIM"]
[BlackTitle "WIM"]
[WhiteFideId "-"]
[BlackFideId "-"]
[WhiteElo "2175"]
[BlackElo "2230"]

1. d4 d5 2. c4 e6 3. Nc3 h6 4. Nf3 Nf6 5. Bf4 Bb4 6. Qa4+ Nc6 7. a3 Bxc3+ 8. bxc3 Bd7 9. cxd5 Nxd5 10.
Bd2 b5 11. Qc2 Nb6 12. e4 Na5 13. Ne5 O-O 14. Be2 Rc8 15. O-O Nbc4 16. Nxd7 Qxd7 17. Rfd1 Rfd8 18. Bc1 Qe7 19. a4 a6 20.
axb5 axb5 21. Rb1 c6 22. e5 Qh4 23. g3 Qh3 24. Bf1 Qg4 25. Be2 Qh3 26. Qe4 Qf5 27. Qxf5 exf5 28. Bd3 Ra8 29.
Bxf5 Nxe5 30. Bf4 Nec4 31. h4 Na3 32. Rb2 N3c4 33. Re2 Kf8 34. Kf1 Nb3 35. Rde1 b4 36. Bc2 Ra3 37. Rb1 Ra1 38.
cxb4 Rxb1+ 39. Bxb1 Nxd4 40. Re4 f5 41. Re1 Nf3 42. Rc1 Nfd2+ 43. Kg2 Nxb1 44. Rxc4 Rd5 45. Rxc6 Na3 46. Be3 Kf7 47.
Rc7+ Kf6 48. Bc5 Nb5 49. Rb7 Nc3 50. Bf8 Ne4 51. Bxg7+ Kg6 52. Bf8 Rd2 53. Rb6+ Kf7 54. Bc5 Nxc5 55.
bxc5 Rc2 56. c6 f4 57. g4 Rc3 58. Rb7+ Kf6 59. c7 Ke5 60. h5 Kf6 61. Rb5 Rxc7 62. Rf5+ Kg7 63. Rxf4 Rc3 64.
Rf5 Ra3 65. f3 Rb3 66. Kg3 Ra3 67. Rb5 Ra4 68. Rb6 Ra3 69. Rg6+ Kh7 70. Re6 Kg7 71. Kf4 Ra4+ 72. Kf5 Ra5+ 73.
Re5 Ra6 74. Re7+ 1-0

[Event "Top 12 Féminin 2026"]
[Site "Asnières-sur-Seine, France"]
[Date "2026.05.15"]
[Round "3.7"]
[White "Hernandez, Lara"]
[Black "Choisy, Mathilde"]
[Result "1/2-1/2"]
[TimeControl "1h30 / 40 moves + 30m + 30sec/move"]
[WhiteTitle "WCM"]
[BlackTitle "WFM"]
[WhiteFideId "-"]
[BlackFideId "-"]
[WhiteElo "2014"]
[BlackElo "2096"]

1. d4 g6 2. c4 Bg7 3. Nc3 d6 4. g3 Nf6 5. Nf3 O-O 6. Bg2 c5 7. d5 a6 8. O-O b5 9. cxb5 axb5 10.
Nxb5 Ba6 11. Nc3 Nbd7 12. Rb1 Qa5 13. Bd2 Bb7 14. Re1 Nb6 15. b3 Nfd7 16. Qc2 Qa3 17. e4 Rfc8 18. Bc1 Qa5 19.
Bb2 Ne5 20. Nxe5 Bxe5 21. Bh3 Rd8 22. Ba1 Bc8 23. Bf1 Ba6 24. Bxa6 Qxa6 25. a4 Rdc8 26. Bb2 Qa5 27. Nb5 Nd7 28.
Rec1 h5 29. Kg2 Qd8 30. Bxe5 Nxe5 31. f4 Ng4 32. Kf3 Qd7 33. h3 Nf6 34. Kg2 Kg7 35. Nc3 Rcb8 36. Nb5 Rc8 37. Nc3 Rcb8 38.
Nb5 1/2-1/2

[Event "Top 12 Féminin 2026"]
[Site "Asnières-sur-Seine, France"]
[Date "2026.05.15"]
[Round "3.8"]
[White "Negre, Emilie"]
[Black "Guerin, Juliette"]
[Result "1-0"]
[TimeControl "1h30 / 40 moves + 30m + 30sec/move"]
[WhiteTitle "WFM"]
[BlackTitle "-"]
[WhiteFideId "-"]
[BlackFideId "-"]
[WhiteElo "2101"]
[BlackElo "1920"]

1. d4 Nf6 2. c4 g6 3. Nc3 Bg7 4. e4 d6 5. Nf3 O-O 6. Bd3 e5 7. d5 a5 8. O-O Na6 9. a3 Nc5 10.
Bc2 Bd7 11. b3 b6 12. Rb1 Ne8 13. b4 Nb7 14. Bg5 f6 15. Bd2 f5 16. exf5 gxf5 17. Ng5 h6 18. Ne6 Bxe6 19. dxe6 Qf6 20.
Qf3 e4 21. Nxe4 Qxe6 22. Ng3 Ra7 23. Rfe1 Qf6 24. Nxf5 Kh8 25. Qh5 Ra8 26. Bxh6 Bxh6 27. Nxh6 Qxf2+ 28. Kh1 Qxc2 29. Nf5+ Kg8 30.
Qg6+ Kh8 31. Qh6+ Kg8 32. Ne7+ Kf7 33. Rf1+ Kxe7 34. Rbe1+ Kd7 35. Qe6+ 1-0

[Event "Top 12 Féminin 2026"]
[Site "Asnières-sur-Seine, France"]
[Date "2026.05.15"]
[Round "3.9"]
[White "Osmak, Yuliaa"]
[Black "Vega Gutierrez, Sabrina"]
[Result "1/2-1/2"]
[TimeControl "1h30 / 40 moves + 30m + 30sec/move"]
[WhiteTitle "IM"]
[BlackTitle "IM"]
[WhiteFideId "14101602"]
[BlackFideId "-"]
[WhiteElo "2451"]
[BlackElo "2375"]

1. d4 d5 2. c4 e6 3. Nc3 Nf6 4. cxd5 Nxd5 5. e4 Nxc3 6. bxc3 c5 7. Rb1 Be7 8. Nf3 O-O 9. h4 b6 10.
h5 h6 11. Rh3 Kh8 12. Rg3 cxd4 13. cxd4 Bb7 14. Bd3 Nd7 15. Qd2 Rc8 16. Ke2 f5 17. Rxg7 Kxg7 18. Qxh6+ Kg8 19. Qg6+ Kh8 20.
Qh6+ Kg8 21. Qg6+ Kh8 22. Qh6+ 1/2-1/2

[Event "Top 12 Féminin 2026"]
[Site "Asnières-sur-Seine, France"]
[Date "2026.05.15"]
[Round "3.10"]
[White "Haussernot, Cecile"]
[Black "Daulyte-Cornette, Deimante"]
[Result "0-1"]
[TimeControl "1h30 / 40 moves + 30m + 30sec/move"]
[WhiteTitle "WIM"]
[BlackTitle "IM"]
[WhiteFideId "-"]
[BlackFideId "-"]
[WhiteElo "2243"]
[BlackElo "2389"]

1. d4 d5 2. Bf4 e6 3. e3 c5 4. Nf3 Nc6 5. c3 Bd6 6. Bg3 Nh6 7. Bd3 O-O 8. Nbd2 cxd4 9. exd4 f6 10.
Qc2 e5 11. dxe5 fxe5 12. Bxh7+ Kh8 13. O-O-O Nf5 14. Bg6 Qf6 15. Bh5 Qh6 16. Bg4 Nfd4 17. cxd4 Bxg4 18. Nxe5 Nxe5 19. dxe5 Rac8 0-1

[Event "Top 12 Féminin 2026"]
[Site "Asnières-sur-Seine, France"]
[Date "2026.05.15"]
[Round "3.11"]
[White "Schippke, Manon"]
[Black "Ciarletta, Iris"]
[Result "1/2-1/2"]
[TimeControl "1h30 / 40 moves + 30m + 30sec/move"]
[WhiteTitle "WIM"]
[BlackTitle "-"]
[WhiteFideId "-"]
[BlackFideId "-"]
[WhiteElo "2311"]
[BlackElo "1901"]

1. d4 d5 2. c4 e6 3. Nc3 Nf6 4. Nf3 c6 5.
e3 Nbd7 6. Qc2 Bd6 7. Be2 O-O 8. O-O Re8 9. Rd1 Qe7 10. b3 dxc4 11. Bxc4 Nb6 12. Be2 e5 13. dxe5 Bxe5 14. Bb2 Bc7 15.
h3 h6 16. Rac1 Bd6 17. Nb1 Nbd5 18. Bd4 Qe6 19. Bc4 Ne4 20. Nbd2 Nxd2 21. Rxd2 Qe7 22. Bxd5 cxd5 23. Bc5 Be6 24.
Bxd6 Qxd6 25. Qc5 Qxc5 26. Rxc5 Rec8 27. Rxc8+ Rxc8 28. Nd4 Kf8 29. f4 g6 30. Kf2 h5 31. Kf3 Ke7 32. g4 hxg4+ 33. hxg4 Kf6 34. Rd1 a6 35. Rh1 Bd7 36. Rd1 Be6 37. a4 Rc3 38. b4 Rc4 39. Rb1 Bd7 40. a5 Ke7 41. Rb2 Rc8 42.
Kg3 Rc1 43. Ne2 Rc4 44. Nd4 Rc1 45. Ne2 Rc4 46. Nd4 1/2-1/2

[Event "Top 12 Féminin 2026"]
[Site "Asnières-sur-Seine, France"]
[Date "2026.05.15"]
[Round "3.12"]
[White "Marcellier, Lucie"]
[Black "Tomasi, Elise"]
[Result "0-1"]
[TimeControl "1h30 / 40 moves + 30m + 30sec/move"]
[WhiteTitle "-"]
[BlackTitle "WFM"]
[WhiteFideId "-"]
[BlackFideId "-"]
[WhiteElo "1885"]
[BlackElo "2072"]

1. d4 d5 2. Bf4 e6 3. e3 Bd6 4. Nf3 Ne7 5. Ne5 c5 6. Nd2 f6 7. Bb5+ Nbc6 8. Nef3 Bxf4 9. exf4 cxd4 10.
Nxd4 O-O 11. N4b3 Qd6 12. Qf3 a6 13. Be2 Nb4 14. Bd1 Ng6 15. g3 e5 16. f5 e4 17. Qh5 Ne7 18. a3 Nbc6 19.
g4 Qe5 20. Rb1 b6 21. Be2 Bb7 22. O-O Qf4 23. Qh3 g6 24. fxg6 Nxg6 25. Qg3 Kh8 26. Rbd1 Rad8 27. Qe3 Nce5 28.
h3 Bc8 29. Nd4 f5 30. gxf5 Bxf5 31. Qxf4 Nxf4 32. Kh2 Bxh3 33. Rfe1 Rg8 34. Rg1 Bg4 35. Rde1 Rd6 36. Rg3 Rh6+ 37.
Kg1 Nxe2+ 38. Rxe2 Bxe2 39. Rxg8+ Kxg8 40. Nxe2 Rg6+ 41. Kf1 Nf3 42. Nb3 h5 43. Nbd4 Nxd4 44. Nxd4 h4 45. Nf5 h3 46.
Ne7+ Kf7 47. Nxg6 Kxg6 48. Kg1 d4 49. Kh2 d3 0-1

[Event "Top 12 Féminin 2026"]
[Site "Asnières-sur-Seine, France"]
[Date "2026.05.15"]
[Round "3.13"]
[White "Krasteva, Beloslava"]
[Black "Gaal, Zsoka"]
[Result "1/2-1/2"]
[TimeControl "1h30 / 40 moves + 30m + 30sec/move"]
[WhiteTitle "WGM"]
[BlackTitle "IM"]
[WhiteFideId "-"]
[BlackFideId "-"]
[WhiteElo "2285"]
[BlackElo "2374"]

1. d4 Nf6 2. c4 g6 3. Nc3 Bg7 4. e4 d6 5. h3 e5 6. d5 a5 7. Bg5 Na6 8. Bd3 h6 9. Be3 Nd7 10.
a3 O-O 11. b4 f5 12. Nf3 Nf6 13. Rb1 Qe7 14. Qc2 axb4 15. axb4 Nh5 16. Ne2 c5 17. dxc6 d5 18. cxd5 Nxb4 19.
Qb3 Nxd3+ 20. Qxd3 bxc6 21. dxc6 Kh7 22. Qc2 Qf7 23. O-O fxe4 24. Nd2 Nf4 25. Nc3 Ba6 26. Nb5 Rfb8 27. c7 Rxb5 28.
Rxb5 Bxb5 29. c8=Q Rxc8 30. Qxc8 Bxf1 31. Nxf1 Ne2+ 32. Kh2 Qd5 33. Ng3 Nxg3 34. Kxg3 Qf7 35. Qc6 Qf5 36. Qb7 Kg8 37.
Qa8+ Kh7 38. Qb7 Kg8 1/2-1/2